 Dungeon Crawl Stone Soup version 0.30.1-11-g7821555f0a (webtiles) character file.

Game seed: 18377038185824017925

14193 Wiggles the Severer (level 11, 0/101 HPs)
             Began as a Minotaur Berserker on Nov 17, 2023.
             Was a High Priest of Trog.
             Slain by a swamp worm (2 damage)
             ... while petrified by a basilisk
             ... on level 1 of the Lair of Beasts.
             The game lasted 00:14:46 (8745 turns).

Wiggles the Severer (Minotaur Berserker)            Turns: 8745, Time: 00:14:46

Health: 0/101      AC: 21    Str: 25    XL:     11   Next: 85%
Magic:  10/10      EV:  2    Int:  4    God:    Trog [*****.]
Gold:   630        SH:  0    Dex:  6    Spells: 10/10 levels left

rFire   + + +        y - +1 war axe
rCold   . . .        g - +3 buckler of the Trout {rPois rF+++ Regen+ Dex-5}
rNeg    + + +        a - +3 plate armour
rPois   ∞            (helmet restricted)
rElec   .            (no cloak)
rCorr   .            f - +2 pair of gloves
SInv    +            (no boots)
Will    .....        F - amulet of faith Stlth
                     h - +4 ring of slaying
HPRegen 1.16/turn    H - ring of see invisible
MPRegen 0.12/turn

%: faith
@: petrified
A: horns 2, retaliatory headbutt
a: Renounce Religion, Berserk, Trog's Hand, Brothers in Arms


You were on level 1 of the Lair of Beasts.
You worshipped Trog.
Trog was extremely pleased with you.
You visited 2 branches of the dungeon, and saw 12 of its levels.

You collected 630 gold pieces.

Inventory:

Hand Weapons
 r - a +2 battleaxe
 y - a +1 war axe (weapon)
Missiles
 t - 4 throwing nets (quivered)
Armour
 a - a +3 plate armour (worn)
 f - a +2 pair of gloves (worn)
 g - the +3 buckler of the Trout (worn) {rPois rF+++ Regen+ Dex-5}
   (You acquired it on level 6 of the Dungeon)

   Dex:       It affects your dexterity (-5).
   rF:        It renders you almost immune to fire.
   rPois:     It protects you from poison.
   Regen:     It increases your rate of health regeneration.
Jewellery
 h - a +4 ring of slaying (left hand)
 l - a ring of resist corrosion
 m - a ring of positive energy
 s - a ring of ice
 w - a ring of flight
 x - a ring of willpower
 F - an amulet of faith (around neck)
 H - a ring of see invisible (right hand)
Wands
 o - a wand of flame (7)
 z - a wand of acid (14)
 J - a wand of roots (4)
Scrolls
 j - 4 scrolls of amnesia
 k - 2 scrolls of teleportation
 n - a scroll of enchant weapon
 B - 2 scrolls of identify
 G - a scroll of fog
Potions
 b - 3 potions of haste
 c - 3 potions of cancellation
 d - 5 potions of curing
 e - 5 potions of lignification
 i - 2 potions of heal wounds
 p - a potion of resistance
 q - 3 potions of mutation
 u - 2 potions of degeneration
 v - a potion of might
 A - 4 potions of magic
 C - 2 potions of brilliance {unknown}
 D - a potion of attraction {unknown}
 E - 2 potions of flight
 I - 2 potions of invisibility {unknown}


   Skills:
 + Level 10.8 Fighting
 + Level 15.7 Axes
 + Level 11.5 Armour
 + Level 3.7 Dodging
 + Level 2.4 Stealth
 + Level 6.3 Shields


You had 10 spell levels left.
You didn't know any spells.
Your spell library was empty.

Dungeon Overview and Level Annotations

Branches:
Dungeon (11/15)            Temple (0/1) D:4            Lair (1/5) D:11
    Orc (0/2) D:10

Altars:
Fedhas
Gozag
Kikubaaqudgha
Makhleb
Okawaru
Uskayaw
Vehumet
Xom
Zin


Innate Abilities, Weirdness & Mutations

You have a pair of horns on your head.
You reflexively headbutt those who attack you in melee.


Message History

You hit the tyrant leech.
The tyrant leech is moderately wounded.
You slash the swamp worm! You hit the basilisk.
You block the tyrant leech's attack. The basilisk gazes at you.
You are slowing down.
The swamp worm attacks as you move away!
The swamp worm bites you but does no damage.
Found a wand of roots (7).
The basilisk bites you!
* * * LOW HITPOINT WARNING * * *
The tyrant leech bites you but does no damage.
Your limbs are stiffening.
You slash the basilisk! You headbutt the basilisk.
The basilisk is severely wounded.
You closely miss the swamp worm. You slice the tyrant leech!!
The swamp worm bites you but does no damage.
The basilisk barely misses you. You furiously retaliate!
You headbutt the basilisk!
You kill the basilisk!
Trog accepts your kill. The tyrant leech barely misses you.
You furiously retaliate!
You headbutt the tyrant leech!!
You have turned to stone.
The swamp worm bites you!
* * * LOW HITPOINT WARNING * * *
The swamp worm bites you!
* * * LOW HITPOINT WARNING * * *
The tyrant leech bites you but does no damage.
The swamp worm completely misses you. The swamp worm bites you!
* * * LOW HITPOINT WARNING * * *
The swamp worm bites you but does no damage.
The tyrant leech bites you!
* * * LOW HITPOINT WARNING * * *
The swamp worm bites you but does no damage.
The swamp worm bites you but does no damage. x2
The tyrant leech bites you but does no damage.
The swamp worm bites you!
* * * LOW HITPOINT WARNING * * *
The swamp worm bites you but does no damage.
The swamp worm bites you.
You die...

#...?. #....
##... # #...#
##.####...
#........### #..
#.....††.##.....
##.#.....~~~~~..
#@w<~~~≈~≈~~.
#ww~~~~###~~~
#.~~≈### #≈
#..~~~#
....~~~~~
##...~~P#~~
##.#~~≈###/
###~~~~


You could see a tyrant leech and 2 swamp worms.

Vanquished Creatures
  Harold (D:9)
  2 two-headed ogres
  3 skeletal warriors (D:11)
  Sonja (D:10)
  A deep troll (D:11)
  A cyclops (D:11)
  An ugly thing (D:11)
  An elephant (D:11)
  A gargoyle (D:9)
  A cane toad (Lair:1)
  2 kobold demonologists (D:10)
  A komodo dragon (D:10)
  A troll (D:9)
  A shadow (D:11)
  3 yaks (D:9)
  2 basilisks
  A vampire mosquito (D:10)
  2 wyverns
  Menkaure (D:6)
  5 water moccasins
  Duvessa (D:5)
  5 orc warriors
  2 sky beasts (D:8)
  5 black bears
  An ogre (D:6)
  5 wolves (Lair:1)
  3 kobold brigands
  7 bullfrogs
  4 gnoll sergeants
  4 scorpions
  3 wights
  Dowan (D:5)
  A killer bee (D:8)
  3 jellies
  4 howler monkeys (D:8)
  3 orc priests
  6 hounds
  A gnoll bouda (D:6)
  An iguana (D:5)
  7 orc wizards
  12 gnolls
  7 adders
  A shadow imp (D:7)
  2 ufetubi
  2 worms
  24 orcs
  4 bats
  9 endoplasms
  3 giant cockroaches
  6 goblins
  13 hobgoblins
  5 jackals (D:2)
  18 kobolds
  3 quokkas (D:4)
  8 ball pythons
  3 frilled lizards
  7 rats
226 creatures vanquished.

Vanquished Creatures (collateral kills)
  2 skeletal warriors (D:11)
  A kobold brigand (D:10)
3 creatures vanquished.

Vanquished Creatures (others)
  A yak (D:8)
1 creature vanquished.

Grand Total: 230 creatures vanquished

Notes
Turn   | Place    | Note
-------+----------+-------------------------------------------
     0 | D:1      | Wiggles the Minotaur Berserker began the quest for the Orb.
     0 | D:1      | Reached XP level 1. HP: 19/19 MP: 0/0
   134 | D:1      | Reached skill level 4 in Axes
   152 | D:1      | Reached XP level 2. HP: 25/27 MP: 1/1
   323 | D:1      | Noticed an eye of devastation
   337 | D:1      | Noticed a golden eye
   341 | D:1      | Found a faded altar of an unknown god.
   343 | D:1      | Noticed a shining eye
   343 | D:1      | Noticed a floating eye
  1029 | D:2      | Reached XP level 3. HP: 33/33 MP: 2/2
  1077 | D:2      | Reached ** piety under Trog
  2046 | D:3      | Found a blossoming altar of Fedhas.
  2048 | D:3      | Found a radiant altar of Vehumet.
  2048 | D:3      | Found a glowing silver altar of Zin.
  2051 | D:3      | Reached XP level 4. HP: 41/41 MP: 3/3
  2052 | D:3      | Found a burning altar of Makhleb.
  2229 | D:3      | Reached skill level 5 in Axes
  2266 | D:3      | Found an ancient bone altar of Kikubaaqudgha.
  2499 | D:4      | Identified the +6 spear of Destruction {venom, +Blink rPois
                  | Will+ Dex+6}
  2503 | D:4      | Reached *** piety under Trog
  2764 | D:4      | Reached XP level 5. HP: 45/47 MP: 4/4
  2851 | D:4      | Found an opulent altar of Gozag.
  2931 | D:4      | Found a staircase to the Ecumenical Temple.
  3150 | D:5      | Entered Level 5 of the Dungeon
  3196 | D:5      | Noticed a water moccasin
  3205 | D:5      | Killed a water moccasin
  3206 | D:5      | Reached skill level 6 in Axes
  3206 | D:5      | Reached XP level 6. HP: 9/55 MP: 5/5
  3208 | D:5      | Reached skill level 5 in Fighting
  3392 | D:5      | Reached skill level 7 in Axes
  3397 | D:5      | Noticed Duvessa
  3397 | D:5      | Noticed Dowan
  3404 | D:5      | Killed Duvessa
  3408 | D:5      | Killed Dowan
  3409 | D:5      | Reached XP level 7. HP: 57/61 MP: 6/6
  3604 | D:5      | Reached skill level 8 in Axes
  3871 | D:6      | Reached skill level 5 in Armour
  4041 | D:6      | Reached skill level 1 in Stealth
  4189 | D:6      | Reached XP level 8. HP: 16/70 MP: 7/7
  4199 | D:6      | Reached skill level 9 in Axes
  4682 | D:6      | Reached **** piety under Trog
  4733 | D:6      | Noticed Menkaure
  4744 | D:6      | Killed Menkaure
  4952 | D:6      | Reached skill level 10 in Axes
  5338 | D:6      | Identified a scroll of acquirement
  5338 | D:6      | Acquired the +3 buckler of the Trout {rPois rF+++ Regen+
                  | Dex-5}
  5387 | D:7      | Reached skill level 1 in Shields
  5387 | D:7      | Reached XP level 9. HP: 75/78 MP: 8/8
  5419 | D:7      | Found an iron altar of Okawaru.
  5419 | D:7      | Found a hide-covered altar of Uskayaw.
  5807 | D:8      | Found a shimmering altar of Xom.
  5809 | D:8      | Reached skill level 11 in Axes
  6633 | D:9      | Noticed a gargoyle
  6640 | D:9      | Killed a gargoyle
  6641 | D:9      | Reached skill level 12 in Axes
  6732 | D:9      | Identified the +0 triple crossbow of the Bespelling Moth
                  | {antimagic, Will+ Int+3}
  6744 | D:9      | Noticed a troll
  6754 | D:9      | Killed a troll
  6755 | D:9      | Reached XP level 10. HP: 88/88 MP: 9/9
  6811 | D:9      | Noticed Harold
  6827 | D:9      | Killed Harold
  6836 | D:9      | Reached ***** piety under Trog
  6837 | D:9      | Reached skill level 10 in Armour
  7060 | D:10     | Entered Level 10 of the Dungeon
  7348 | D:10     | Found a staircase to the Orcish Mines.
  7353 | D:10     | Noticed Sonja
  7372 | D:10     | Killed Sonja
  7373 | D:10     | Reached skill level 13 in Axes
  7506 | D:10     | Reached skill level 5 in Shields
  7766 | D:10     | Noticed a two-headed ogre
  7773 | D:10     | Killed a two-headed ogre
  7774 | D:10     | Reached XP level 11. HP: 84/97 MP: 10/10
  7922 | D:11     | Noticed a brown ugly thing
  7934 | D:11     | Killed a brown ugly thing
  7980 | D:11     | Noticed a two-headed ogre
  7989 | D:11     | Killed a two-headed ogre
  7990 | D:11     | Reached skill level 14 in Axes
  8091 | D:11     | Noticed a skeletal warrior
  8109 | D:11     | Killed a skeletal warrior
  8115 | D:11     | Noticed a skeletal warrior
  8115 | D:11     | Noticed a skeletal warrior
  8129 | D:11     | Killed a skeletal warrior
  8130 | D:11     | Noticed a skeletal warrior
  8133 | D:11     | Killed a skeletal warrior
  8134 | D:11     | Reached skill level 10 in Fighting
  8134 | D:11     | Noticed a skeletal warrior
  8145 | D:11     | Killed a skeletal warrior
  8153 | D:11     | Killed a skeletal warrior
  8154 | D:11     | Reached skill level 15 in Axes
  8194 | D:11     | Found a staircase to the Lair.
  8653 | D:11     | Noticed a deep troll
  8661 | D:11     | Killed a deep troll
  8709 | Lair:1   | Entered Level 1 of the Lair of Beasts
  8744 | Lair:1   | HP: 1/101 [swamp worm (7)]
  8745 | Lair:1   | Slain by a swamp worm

Illustrated notes

Levels and vault maps discovered:
D:1:      dpeg_arrival_arbitrary_a, layout_basic,
          hellmonk_ecumenical_altar_watching_god,
          nicolae_kite_square_tiling_tiny
D:2:      layout_loops_ring, grunt_ministairs_10, hangedman_decor_points,
          minmay_cut_off
D:3:      layout_loops_corners, mainiacjoe_overflow_surrounded_room,
          grunt_temple_overflow_open
D:4:      layout_loops_ring, kennysheep_mini_moat, temple_green
D:5:      layout_basic, palyth_stone_intersect, uniq_duvessa
D:6:      layout_loops_ring, minmay_diced_spiral, uniq_menkaure
D:7:      layout_rooms, minitemple
D:8:      layout_loops_corners, xom_confusion_cloud
D:9:      layout_big_octagon, chequers_serial_rivers_small_3, uniq_harold
D:10:     layout_grid_maze, orc_0_dummy, st_stairs_5, uniq_sonja
D:11:     dreamdust_cave_troll, layout_rooms, david_lair_generic
Lair:1:   layout_layer_cave, special_room [special_room_bee], worms_lemuel,
          grunt_megastairs_4

Skill      XL: |  1  2  3  4  5  6  7  8  9 10 11 |
---------------+----------------------------------+-----
Axes           | 4 5 6 7 8 10 12 13 15 | 15.7
Fighting       | 4 5 6 7 9 10 | 10.8
Armour         | 3 4 5 7 9 10 11 | 11.5
Dodging        | 3 |  3.7
Stealth        | 1 2 |  2.4
Shields        | 1 3 5 6 |  6.3

Action                     |  1- 3 |  4- 6 |  7- 9 | 10-12 || total
---------------------------+-------+-------+-------+-------++-------
  Melee: Hand axe          |    88 |    21 |       |       ||   109
         Headbutt          |    11 |     6 |    36 |    49 ||   102
         Punch             |     1 |       |     2 |       ||     3
         War axe           |       |    33 |   211 |   197 ||   441
 Invoke: Berserk           |       |     1 |     4 |     3 ||     8
         Brothers in Arms  |       |       |       |     2 ||     2
    Use: Scroll            |       |       |    22 |     5 ||    27
 Armour: Animal skin       |    15 |       |       |       ||    15
         Scale mail        |    10 |     8 |       |       ||    18
         Plate armour      |       |    15 |   145 |   108 ||   268
  Dodge: Dodged            |    50 |    28 |    70 |    60 ||   208
  Block: Buckler           |       |       |    48 |    67 ||   115
